 Dungeon Crawl Stone Soup version 0.30-b1-2-g02819fbbbe (webtiles) character file.

Game seed: 406198193998443348

2247 Heoruswealwe the Thaumaturge (level 9, -23/45 HPs)
             Began as a Deep Elf Earth Elementalist on May 3, 2023.
             Was an Initiate of Vehumet.
             Annihilated by a two-headed ogre
             ... wielding a +0 giant club
              (26 damage)
             ... on level 8 of the Dungeon.
             The game lasted 01:03:28 (5728 turns).

Heoruswealwe the Thaumaturge (DEEE)                 Turns: 5728, Time: 01:03:29

Health: -23/45     AC:  2    Str:  5    XL:     9   Next: 15%
Magic:  23/26      EV: 12    Int: 25    God:    Vehumet [......]
Gold:   374        SH:  0    Dex: 15    Spells: 21/31 levels left

rFire   . . .        b - +0 scimitar
rCold   . . .        (no shield)
rNeg    . . .        c - +0 robe
rPois   +            (no helmet)
rElec   .            (no cloak)
rCorr   .            (no gloves)
SInv    .            (no boots)
Will    .....        (no amulet)
Stlth   ++           k - ring of flight
HPRegen 0.27/turn    j - ring of poison resistance
MPRegen 0.20/turn

%: no passive effects
@: flying
A: no striking features
a: Renounce Religion


You were on level 8 of the Dungeon.
You worshipped Vehumet.
Vehumet was noncommittal.
You visited 2 branches of the dungeon, and saw 9 of its levels.

You collected 374 gold pieces.

Inventory:

Hand Weapons
 b - a +0 scimitar (weapon)
Armour
 c - a +0 robe (worn)
Magical Staves
 n - a staff of fire
Jewellery
 j - a ring of poison resistance (right hand)
 k - a ring of flight (left hand)
Scrolls
 a - 2 scrolls of enchant armour
 d - a scroll of identify
 f - a scroll of enchant weapon
 m - 2 scrolls of fog
 t - 2 scrolls of magic mapping
 u - a scroll of brand weapon
 v - 4 scrolls of teleportation {unknown}
 x - a scroll of fear {unknown}
Potions
 e - a potion of brilliance {unknown}
 g - a potion of magic
 h - 3 potions of attraction {unknown}
 i - a potion of might {unknown}
 l - 2 potions of curing {unknown}
 o - 3 potions of invisibility {unknown}
 p - 2 potions of degeneration {unknown}
 q - 2 potions of cancellation {unknown}
 r - 2 potions of haste {unknown}
 s - 2 potions of heal wounds {unknown}
 z - 2 potions of flight {unknown}


   Skills:
 - Level 2.4 Dodging
 - Level 2.4 Stealth
 + Level 11.6 Spellcasting
 - Level 1.1 Transmutations
 + Level 10.0 Earth Magic


You had 21 spell levels left.
You knew the following spells:

 Your Spells              Type           Power      Damage    Failure   Level
a - Sandblast             Erth           100%       2d20      1%          1
b - Stone Arrow           Conj/Erth      78%        3d11      1%          3
c - Petrify               Tmut/Erth      42%        N/A       4%          4
z - Passwall              Tmut/Erth      35%        N/A       1%          2

Your spell library contained the following spells:

 Spells                   Type           Power      Damage    Failure   Level
 Borgnjor's Revivificati  Necr           7%         N/A       100%        8
 Necromutation            Tmut/Necr      8%         N/A       100%        8
 Death's Door             Necr           7%         N/A       100%        9


Dungeon Overview and Level Annotations

Branches:
Dungeon (8/15)             Temple (1/1) D:7
   Lair: D:8-11

Altars:
Ashenzari
Cheibriados
Dithmenos
Elyvilon
Fedhas
Gozag
Hepliaklqana
Kikubaaqudgha
Makhleb
Nemelex Xobeh
Okawaru
Qazlal
Ru
Sif Muna
Trog
Uskayaw
Vehumet
Wu Jian
Xom
Zin
The Shining One

Shops:
D:5 *


Message History

Done exploring.
Done exploring.
Done exploring.
Done exploring.
Search for what [Enter for "."]? .
There is an escape hatch in the ceiling here.
There is an escape hatch in the floor here.
You fly downwards.
The hatch slams shut behind you.
Found a club, a war axe and 16 gold pieces.
Found a stone staircase leading up.
You see here a +0 war axe.
Found a chain mail.
Found a glowing gold wand.
You see here a +0 club.
You now have 374 gold pieces (gained 16).
You see here a +0 club.
You reach down and open the door.
A two-headed ogre comes into view. It is wielding two +0 giant clubs.
You can't see any susceptible monsters within range! (Use Z to cast anyway.)
You can't see any susceptible monsters within range! (Use Z to cast anyway.)
The blast of sand hits the two-headed ogre!!
The two-headed ogre is moderately wounded.
The two-headed ogre shouts in stereo!
You hear a shout!
The blast of sand hits the two-headed ogre!!
The two-headed ogre is severely wounded.
The blast of sand hits the two-headed ogre but does no damage.
The two-headed ogre is severely wounded.
The two-headed ogre hits you with a +0 giant club!! x2
Ouch! That really hurt!
* * * LOW HITPOINT WARNING * * *
Casting: Sandblast (safe; 1% risk of failure)
Confirm with . or Enter, or press ? or * to list all spells.
Aiming: Sandblast (safe; 1% risk of failure)
Press: ? - help, Shift-Dir - straight line, f/p - two-headed ogre
Aim: a two-headed ogre, wielding two +0 giant clubs (severely wounded, 93% to hit)
The blast of sand hits the two-headed ogre!!
The two-headed ogre is almost dead.
The two-headed ogre hits you with a +0 giant club!!
Ouch! That really hurt!
You die...

..... ..#
........# ...[...#
# # .. ... .# #.
#/ #.# .# #..
#<##.######.#
#...##......)...#
#....O@.........#
#..###).........#
.................#
..#####.........##
#.........#
#.........#
#.........#
###########


You could see a two-headed ogre.

Vanquished Creatures
  Sigmund (D:3)
  A water moccasin (D:7)
  Duvessa (D:6)
  An ice beast (D:7)
  2 black bears
  An orc warrior (D:7)
  3 ogres
  3 phantoms
  A kobold brigand (D:5)
  A scorpion (D:6)
  Dowan (D:6)
  A howler monkey (D:4)
  4 hounds
  2 jellies
  4 orc priests
  A gnoll bouda (D:7)
  A sleepcap (D:7)
  4 iguanas
  5 orc wizards
  6 adders
  7 gnolls
  2 white imps (D:6)
  2 worms (D:4)
  A dart slug (D:4)
  15 orcs
  8 ball pythons
  A bat zombie (D:6)
  10 endoplasms
  5 giant cockroaches
  12 goblins
  7 hobgoblins
  3 quokkas
  2 bats
  2 frilled lizards (D:1)
  12 kobolds
  5 rats
  3 rat zombies (D:6)
141 creatures vanquished.

Vanquished Creatures (others)
  13 plants (D:1)
13 creatures vanquished.

Grand Total: 154 creatures vanquished

Notes
Turn   | Place    | Note
-------+----------+-------------------------------------------
     0 | D:1      | Heoruswealwe the Deep Elf Earth Elementalist began the
                  | quest for the Orb.
     0 | D:1      | Reached XP level 1. HP: 10/10 MP: 6/6
   291 | D:1      | Reached XP level 2. HP: 15/15 MP: 5/8
   351 | D:1      | Learned a level 2 spell: Passwall
   480 | D:1      | Found a faded altar of an unknown god.
   800 | D:1      | Reached skill level 4 in Spellcasting
   904 | D:1      | Reached XP level 3. HP: 17/19 MP: 4/10
  2138 | D:3      | Reached XP level 4. HP: 17/24 MP: 8/12
  2142 | D:3      | Learned a level 3 spell: Stone Arrow
  2147 | D:3      | Learned a level 4 spell: Petrify
  2355 | D:3      | Noticed Sigmund
  2360 | D:3      | Killed Sigmund
  2361 | D:3      | Reached skill level 6 in Spellcasting
  2361 | D:3      | Reached skill level 5 in Earth Magic
  2361 | D:3      | Reached XP level 5. HP: 18/28 MP: 9/15
  2757 | D:4      | Reached XP level 6. HP: 32/32 MP: 10/17
  3200 | D:4      | Reached skill level 7 in Spellcasting
  3276 | D:5      | Entered Level 5 of the Dungeon
  3390 | D:4      | Reached XP level 7. HP: 23/36 MP: 13/20
  3446 | D:5      | Found Qiott's Gadget Gallery.
  3503 | D:5      | Found a sacrificial altar of Ru.
  3540 | D:5      | Found a shadowy altar of Dithmenos.
  3617 | D:5      | Reached skill level 8 in Spellcasting
  3835 | D:6      | Reached skill level 9 in Spellcasting
  3862 | D:6      | Noticed Duvessa
  3862 | D:6      | Noticed Dowan
  3874 | D:6      | Killed Duvessa
  3875 | D:6      | Reached XP level 8. HP: 19/41 MP: 9/23
  3877 | D:6      | Killed Dowan
  4037 | D:6      | Found an ancient bone altar of Kikubaaqudgha.
  4128 | D:6      | Found a bloodstained altar of Trog.
  4526 | D:6      | Reached skill level 10 in Spellcasting
  4544 | D:6      | Found a hide-covered altar of Uskayaw.
  4574 | D:6      | Found a broken altar of Ashenzari.
  4577 | D:6      | Found a white marble altar of Elyvilon.
  4577 | D:6      | Found a burning altar of Makhleb.
  4577 | D:6      | Found a glowing golden altar of the Shining One.
  4577 | D:6      | Found a hazy altar of Hepliaklqana.
  4579 | D:6      | Found a blossoming altar of Fedhas.
  4581 | D:6      | Found a shimmering altar of Xom.
  4736 | D:7      | Reached skill level 11 in Spellcasting
  4920 | D:7      | Found a staircase to the Ecumenical Temple.
  4961 | Temple   | Entered the Ecumenical Temple
  4997 | Temple   | Became a worshipper of Vehumet
  5182 | D:7      | Reached XP level 9. HP: 35/45 MP: 23/26
  5313 | D:7      | Reached skill level 10 in Earth Magic
  5721 | D:8      | Noticed a two-headed ogre
  5727 | D:8      | HP: 2/45 [two-headed ogre/+0 giant club (24)]
  5728 | D:8      | Annihilated by a two-headed ogre

Illustrated notes

Levels and vault maps discovered:
D:1:      saegor_arrival_simple_b, layout_loops_corners,
          dilly_ecumenical_altar_fadedgnrine
D:2:      layout_loops_corners, solitary_fountain
D:3:      layout_basic, uniq_sigmund
D:4:      layout_gridville, dk_noncrumbling_3
D:5:      layout_gridville, nicolae_dithmenos_shadow_blocks,
          nicolae_ru_path_of_blood, nicolae_shop_gadgets
D:6:      layout_loops_ring, lemuel_zombie_altar_kikubaaqudgha, minitemple,
          old_standard_altar, due_unseen_surprise, uniq_duvessa
D:7:      layout_loops_ring, temple_fountains
D:8:      layout_basic, grunt_decor_arrowhead
Temple:   nicolae_temple_bog_church

Skill      XL: |  1  2  3  4  5  6  7  8  9 |
---------------+----------------------------+-----
Spellcasting   | 4 6 7 9 11 | 11.6
Earth Magic    | 4 5 6 8 9 10 | 10.0
Dodging        | |  2.4
Stealth        | |  2.4
Transmutations | |  1.1

Action                     |  1- 3 |  4- 6 |  7- 9 || total
---------------------------+-------+-------+-------++-------
  Melee: Unarmed           |    68 |       |       ||    68
   Cast: Sandblast         |    70 |    57 |   101 ||   228
         Passwall          |     2 |       |     1 ||     3
         Stone Arrow       |       |       |     7 ||     7
    Use: Scroll            |       |     5 |     8 ||    13
 Armour: Robe              |     1 |     2 |     3 ||     6
  Dodge: Dodged            |     9 |    33 |    13 ||    55
